Selects Airborne Battlegroup
Selects Heavy Machine Gun Paradrop
Heavy Machine Gun Paradrop
Selects Smoke Bombing Run
Construct Medical Station
Heavy Machine Gun Paradrop
Construct Weapon Support Center
Mechanized Support Center
M3 Armored Personnel Carrier
Selects Paradrop Reinforcements
Designate Forward Repair Station
Improved M9 Bazooka Rockets
Selects Paratrooper Squad Paradrop
Paratrooper Squad Paradrop
M1918 Browning Automatic Rifles
Paratrooper Squad Paradrop
M3 Armored Personnel Carrier
Selects Anti-tank Gun Team Paradrop
Anti-tank Gun Team Paradrop
Paratrooper Squad Paradrop
Paratrooper Squad Paradrop
Paratrooper Squad Paradrop
Selects Carpet Bombing Run